IL
LOUISVILLE STALLIONS @ BUFFALO BISONS
04/14/1982
 
TOP OF THE 1ST
Louisville Stallions batting - Pitching for Buffalo Bisons : RHP Gary Hartsock
Pitching: RHP Gary Hartsock
Batting: SHB Harry Chappas 0-0: Ball
1-0: Ball
2-0: Called Strike
2-1: Ground out 4-3 (Groundball, 4M, EV 80.0 MPH)
Batting: LHB Mauricio Gracia 0-0: Called Strike
0-1: Swinging Strike
0-2: Ball
1-2: Ball
2-2: SINGLE (Line Drive, 8RS, EV 91.3 MPH)
Batting: LHB Dave Haberle 0-0: Called Strike
0-1: Ball
1-1: Foul Ball, location: 2F
1-2: Foul Ball, location: 2F
1-2: Ball
2-2: Foul Ball, location: 2F
2-2: Grounds into double play, 5-4-3 (Groundball, 56S, EV 86.3 MPH)
Top of the 1st over - 0 runs, 1 hit, 0 errors, 0 left on base; Louisville 0 - Buffalo 0
BOTTOM OF THE 1ST
Buffalo Bisons batting - Pitching for Louisville Stallions : RHP Sal Velazquez
Pitching: RHP Sal Velazquez
Batting: RHB Juan Villa 0-0: Called Strike
0-1: Ground out 4-3 (Groundball, 4, EV 87.5 MPH)
Batting: LHB Gene Krug 0-0: Ball
1-0: SINGLE (Line Drive, 7LM, EV 100.0 MPH)
Batting: SHB George D Wright 0-0: Fly out, F8 (Flyball, 89D, EV 99.4 MPH)
Batting: RHB Philip Klimas 0-0: Ball
1-0: Ball
2-0: Called Strike
2-1: Ball
3-1: Foul Ball, location: 2F
3-2: DOUBLE (Line Drive, 89D, EV 101.3 MPH)
Gene Krug to third
Gene Krug scores
Batting: LHB Doe Boyland 0-0: Ball
1-0: Called Strike
1-1: Foul Ball, location: 2F
1-2: Strikes out swinging
Bottom of the 1st over - 1 run, 2 hits, 0 errors, 1 left on base; Louisville 0 - Buffalo 1
TOP OF THE 2ND
Louisville Stallions batting - Pitching for Buffalo Bisons : RHP Gary Hartsock
Batting: RHB Devin Pike 0-0: Ball
1-0: Ball
2-0: Fly out, F9 (Line Drive, 9D, EV 89.4 MPH)
Batting: LHB Steven Mobberley 0-0: Ball
1-0: Ball
2-0: DOUBLE (Flyball, 8LXD, EV 109.4 MPH)
Batting: LHB John Tucker 0-0: Called Strike
0-1: Ball
1-1: Ball
2-1: Foul Ball, location: 2F
2-2: Foul Ball, location: 2F
2-2: Ground out 4-3 (Groundball, 4, EV 83.8 MPH)
Steven Mobberley to third
Batting: RHB Stephen Dembowski 0-0: Called Strike
0-1: Fly out, F7 (Flyball, 7, EV 80.0 MPH)
Top of the 2nd over - 0 runs, 1 hit, 0 errors, 1 left on base; Louisville 0 - Buffalo 1
BOTTOM OF THE 2ND
Buffalo Bisons batting - Pitching for Louisville Stallions : RHP Sal Velazquez
Batting: RHB Bill Bathe 0-0: SINGLE (Groundball, 6M, EV 107.5 MPH) (infield hit)
Batting: LHB Bob Skube 0-0: Ball
1-0: Called Strike
1-1: Called Strike
1-2: Fielders Choice at 2nd, 5-4 (Groundball, 5, EV 84.4 MPH)
Batting: RHB Pat Keedy 0-0: Ball
1-0: Ball
2-0: Called Strike
2-1: Called Strike
2-2: Ball
3-2: Fly out, F7 (Flyball, 78D, EV 86.3 MPH)
Batting: SHB George Zeber 0-0: Ball
1-0: Foul Ball, location: 2F
1-1: Called Strike
1-2: Ball
2-2: Strikes out swinging
Bottom of the 2nd over - 0 runs, 1 hit, 0 errors, 1 left on base; Louisville 0 - Buffalo 1
TOP OF THE 3RD
Louisville Stallions batting - Pitching for Buffalo Bisons : RHP Gary Hartsock
Batting: RHB Kelly Heath 0-0: Called Strike
0-1: Fly out, F8 (Line Drive, 8RM, EV 91.9 MPH)
Batting: RHB Gordy Hodgson 0-0: Fly out, F9 (Flyball, 9D, EV 91.9 MPH)
Batting: SHB Harry Chappas 0-0: Called Strike
0-1: Ball
1-1: Ball
2-1: Ground out 6-3 (Groundball, 6, EV 83.8 MPH)
Top of the 3rd over - 0 runs, 0 hits, 0 errors, 0 left on base; Louisville 0 - Buffalo 1
BOTTOM OF THE 3RD
Buffalo Bisons batting - Pitching for Louisville Stallions : RHP Sal Velazquez
Batting: RHB Juan Villa 0-0: Swinging Strike
0-1: SINGLE (Line Drive, 8RS, EV 103.8 MPH)
Batting: LHB Gene Krug 0-0: SINGLE (Groundball, 6MD, EV 108.8 MPH)
Juan Villa to second
Juan Villa to third
Batting: SHB George D Wright 0-0: Called Strike
0-1: Fielders Choice at 2nd, 4-6 (Groundball, 4, EV 91.3 MPH)
Juan Villa scores
Batting: RHB Philip Klimas 0-0: Ball
1-0: Called Strike
1-1: Ball
2-1: Called Strike
2-2: Ball
3-2: Fly out, F7 (Line Drive, 7, EV 86.9 MPH)
Batting: LHB Doe Boyland 0-0: Ball
George D Wright is caught stealing 2nd base 2-6
Bottom of the 3rd over - 1 run, 2 hits, 0 errors, 0 left on base; Louisville 0 - Buffalo 2
TOP OF THE 4TH
Louisville Stallions batting - Pitching for Buffalo Bisons : RHP Gary Hartsock
Batting: LHB Mauricio Gracia 0-0: Ball
1-0: Swinging Strike
1-1: Ball
2-1: Ball
3-1: Called Strike
3-2: Foul Ball, location: 2F
3-2: Base on Balls
Batting: LHB Dave Haberle 0-0: Foul Ball, location: 2F
0-1: Ball
1-1: Ball
2-1: Ball
3-1: Foul Ball, location: 2F
3-2: Foul Ball, location: 2F
3-2: Foul Ball, location: 2F
3-2: Base on Balls
Mauricio Gracia to second
Batting: RHB Devin Pike 0-0: Ball
1-0: Foul Ball, location: 2F
1-1: Ball
2-1: SINGLE (Flyball, 56D, EV 95.0 MPH)
Mauricio Gracia to third
Dave Haberle to second
Runner from 3rd tries for Home, SAFE, throw by LF to home
Batting: LHB Steven Mobberley 0-0: Ball
1-0: Ball
2-0: Called Strike
2-1: Ball
3-1: Fielders Choice at 2nd, 1-6 (Groundball, P, EV 63.8 MPH)
Dave Haberle to third
Batting: LHB John Tucker 0-0: Ball
1-0: Swinging Strike
1-1: SINGLE (Groundball, 3D, EV 94.4 MPH)
Dave Haberle scores
Steven Mobberley to second
Runner from 2nd tries for 3rd, SAFE, no throw by RF
Batting: RHB Stephen Dembowski 0-0: Ball
1-0: Swinging Strike
1-1: Foul Ball, location: 2F
1-2: Fielders Choice at 2nd, 4-6 (Groundball, 34D, EV 104.4 MPH)
Steven Mobberley scores
Batting: RHB Kelly Heath 0-0: Ball
1-0: Ball
Stephen Dembowski steals 2nd base (no throw)
2-0: Ball
3-0: Foul Ball, location: 2F
3-1: Base on Balls
Batting: RHB Gordy Hodgson 0-0: Ball
1-0: Ball
2-0: Ball
3-0: Called Strike
3-1: DOUBLE (Line Drive, 9LS, EV 115.6 MPH)
Stephen Dembowski scores
Kelly Heath to third
Runner from 3rd tries for Home, SAFE, no throw by RF
Batting: SHB Harry Chappas 0-0: Foul Ball, location: 2F
0-1: Ground out 1-3 (Groundball, 13, EV 68.1 MPH)
Top of the 4th over - 5 runs, 3 hits, 0 errors, 1 left on base; Louisville 5 - Buffalo 2
BOTTOM OF THE 4TH
Buffalo Bisons batting - Pitching for Louisville Stallions : RHP Sal Velazquez
Batting: LHB Doe Boyland 0-0: Ball
1-0: Ball
2-0: Ball
3-0: Called Strike
3-1: Called Strike
3-2: Foul Ball, location: 2F
3-2: SINGLE (Flyball, 7LS, EV 85.0 MPH)
Batting: RHB Bill Bathe 0-0: Called Strike
0-1: Ball
1-1: Swinging Strike
1-2: Strikes out swinging
Batting: LHB Bob Skube 0-0: Called Strike
0-1: Called Strike
Doe Boyland steals 2nd, throwing error, E2
Doe Boyland to third
0-2: Foul Ball, location: 2F
0-2: Strikes out swinging
Batting: RHB Pat Keedy 0-0: Ball
1-0: Called Strike
1-1: Fly out, F8 (Line Drive, 8LD, EV 108.1 MPH)
Bottom of the 4th over - 0 runs, 1 hit, 1 error, 1 left on base; Louisville 5 - Buffalo 2
TOP OF THE 5TH
Louisville Stallions batting - Pitching for Buffalo Bisons : RHP Gary Hartsock
Batting: LHB Mauricio Gracia 0-0: Ground out 4-3 (Groundball, 4MD, EV 76.9 MPH)
Batting: LHB Dave Haberle 0-0: Foul Ball, location: 2F
0-1: Ball
1-1: Ground out 4-3 (Groundball, 4, EV 77.5 MPH)
Batting: RHB Devin Pike 0-0: Foul Ball, location: 2F
0-1: Fly out, F8 (Flyball, 78XD, EV 106.9 MPH)
Top of the 5th over - 0 runs, 0 hits, 0 errors, 0 left on base; Louisville 5 - Buffalo 2
BOTTOM OF THE 5TH
Buffalo Bisons batting - Pitching for Louisville Stallions : RHP Sal Velazquez
Batting: SHB George Zeber 0-0: Fly out, F9 (Flyball, 9D, EV 96.9 MPH)
Batting: RHB Juan Villa 0-0: Ball
1-0: Ball
2-0: Foul Ball, location: 2F
2-1: Bunt missed!
2-2: Foul Ball, location: 2F
2-2: SINGLE (Groundball, 15S, EV 71.3 MPH) (infield hit)
Batting: LHB Gene Krug 0-0: Ball
1-0: Fly out, F9 (Flyball, 9S, EV 94.4 MPH)
Batting: SHB George D Wright 0-0: Ball
Juan Villa steals 2nd base
1-0: Foul Ball, location: 2F
1-1: Hit by Pitch
Batting: RHB Philip Klimas 0-0: Called Strike
0-1: Swinging Strike
0-2: Strikes out swinging
Bottom of the 5th over - 0 runs, 1 hit, 0 errors, 2 left on base; Louisville 5 - Buffalo 2
TOP OF THE 6TH
Louisville Stallions batting - Pitching for Buffalo Bisons : RHP Gary Hartsock
Batting: LHB Steven Mobberley 0-0: Called Strike
0-1: Ball
1-1: Ball
2-1: Foul Ball, location: 2F
2-2: Ball
3-2: SINGLE (Groundball, 5D, EV 95.6 MPH)
Batting: LHB John Tucker 0-0: Bunted foul
0-1: Bunted foul
0-2: Ball
1-2: Fly out, F8 (Flyball, 8LM, EV 91.9 MPH)
Batting: RHB Stephen Dembowski 0-0: Foul Ball, location: 2F
0-1: Foul Ball, location: 2F
0-2: Ball
1-2: Ball
2-2: Foul Ball, location: 2F
2-2: Fielders Choice at 2nd, 4-6 (Groundball, 4, EV 102.5 MPH)
Batting: RHB Kelly Heath 0-0: Called Strike
Stephen Dembowski steals 2nd base
0-1: Ball
1-1: Foul Ball, location: 2F
1-2: Foul Ball, location: 2F
1-2: Ball
2-2: SINGLE (Groundball, 6M, EV 97.5 MPH) (infield hit)
Stephen Dembowski to third
Batting: RHB Gordy Hodgson 0-0: Called Strike
0-1: Ball
1-1: Ball
2-1: Ball
3-1: SINGLE (Groundball, 56S, EV 70.0 MPH) (infield hit)
Stephen Dembowski scores
Kelly Heath to second
Pitching: RHP Terry Clark
Batting: SHB Harry Chappas 0-0: Called Strike
0-1: Called Strike
0-2: Ball
1-2: Ground out 4-3 (Groundball, 34D, EV 88.8 MPH)
Top of the 6th over - 1 run, 3 hits, 0 errors, 2 left on base; Louisville 6 - Buffalo 2
BOTTOM OF THE 6TH
Buffalo Bisons batting - Pitching for Louisville Stallions : RHP Sal Velazquez
Batting: LHB Doe Boyland 0-0: Called Strike
0-1: Called Strike
0-2: Ball
1-2: Ball
2-2: Strikes out swinging
Batting: RHB Bill Bathe 0-0: Called Strike
0-1: Ball
1-1: Fly out, F7 (Flyball, 78D, EV 83.1 MPH)
Batting: LHB Bob Skube 0-0: Foul Ball, location: 2F
0-1: Called Strike
0-2: Ball
1-2: Fly out, F9 (Line Drive, 9D, EV 83.8 MPH)
Bottom of the 6th over - 0 runs, 0 hits, 0 errors, 0 left on base; Louisville 6 - Buffalo 2
TOP OF THE 7TH
Louisville Stallions batting - Pitching for Buffalo Bisons : RHP Terry Clark
Batting: LHB Mauricio Gracia 0-0: Foul Ball, location: 2F
0-1: Swinging Strike
0-2: Foul Ball, location: 2F
0-2: Ball
1-2: Ground out 6-3 (Groundball, 6, EV 90.6 MPH)
Batting: LHB Dave Haberle 0-0: Ball
1-0: SOLO HOME RUN (Flyball, 9D, EV 111.3 MPH), Distance : 374 ft
Batting: RHB Devin Pike 0-0: Ball
1-0: Called Strike
1-1: DOUBLE (Line Drive, 9LD, EV 102.5 MPH)
Batting: LHB Steven Mobberley 0-0: Swinging Strike
0-1: Called Strike
0-2: Foul Ball, location: 2F
0-2: Ball
1-2: Foul Ball, location: 2F
1-2: Foul Ball, location: 2F
1-2: Foul Ball, location: 2F
1-2: Strikes out looking
Batting: LHB John Tucker 0-0: Ball
1-0: Ball
2-0: Swinging Strike
2-1: Foul Ball, location: 2F
2-2: Ball
3-2: DOUBLE (Line Drive, 9LM, EV 106.9 MPH)
Devin Pike scores
Batting: RHB Stephen Dembowski 0-0: Called Strike
0-1: Ball
1-1: Called Strike
1-2: Strikes out swinging
Top of the 7th over - 2 runs, 3 hits, 0 errors, 1 left on base; Louisville 8 - Buffalo 2
BOTTOM OF THE 7TH
Buffalo Bisons batting - Pitching for Louisville Stallions : RHP Sal Velazquez
Batting: RHB Pat Keedy 0-0: Ball
1-0: Called Strike
1-1: Foul Ball, location: 2F
1-2: Ball
2-2: Fly out, F4 (Flyball, 3D, EV 81.3 MPH)
Batting: SHB George Zeber 0-0: Ball
1-0: Foul Ball, location: 2F
1-1: Swinging Strike
1-2: Strikes out looking
Batting: RHB Juan Villa 0-0: Called Strike
0-1: Ball
1-1: Ball
2-1: SINGLE (Line Drive, 8LS, EV 101.9 MPH)
Batting: LHB Gene Krug 0-0: Called Strike
Juan Villa steals 2nd, throwing error, E2
Juan Villa to third
0-1: Ball
1-1: Ball
2-1: Ball
3-1: SINGLE (Line Drive, 4M, EV 101.9 MPH)
Juan Villa scores
Batting: SHB George D Wright 0-0: Ball
1-0: Ball
2-0: Ball
3-0: Foul Ball, location: 2F
3-1: Foul Ball, location: 2F
3-2: Fly out, F6 (Popup, 6, EV 80.0 MPH)
Bottom of the 7th over - 1 run, 2 hits, 1 error, 1 left on base; Louisville 8 - Buffalo 3
TOP OF THE 8TH
Louisville Stallions batting - Pitching for Buffalo Bisons : RHP Terry Clark
Pitching: LHP Richard Graser
Batting: RHB Kelly Heath 0-0: Called Strike
0-1: Ball
1-1: Foul Ball, location: 2F
1-2: Ground out 6-3 (Groundball, 6M, EV 87.5 MPH)
Batting: RHB Gordy Hodgson 0-0: Called Strike
0-1: Ball
1-1: Called Strike
1-2: Foul Ball, location: 2F
1-2: Foul Ball, location: 2F
1-2: Ball
2-2: Ground out 4-3 (Groundball, 4, EV 87.5 MPH)
Batting: SHB Harry Chappas 0-0: Ball
1-0: Foul Ball, location: 2F
1-1: SINGLE (Groundball, 6MS, EV 58.8 MPH) (infield hit)
Batting: LHB Mauricio Gracia 0-0: Ball
Harry Chappas steals 2nd base
1-0: Swinging Strike
1-1: Called Strike
1-2: Ball
2-2: Ground out U3 (Groundball, 3, EV 89.4 MPH)
Top of the 8th over - 0 runs, 1 hit, 0 errors, 1 left on base; Louisville 8 - Buffalo 3
BOTTOM OF THE 8TH
Buffalo Bisons batting - Pitching for Louisville Stallions : RHP Sal Velazquez
Batting: RHB Philip Klimas 0-0: Ball
1-0: Ball
2-0: Called Strike
2-1: Foul Ball, location: 2F
2-2: Ball
3-2: Foul Ball, location: 2F
3-2: Base on Balls
Batting: LHB Doe Boyland 0-0: Ball
1-0: Ball
2-0: Foul Ball, location: 2F
2-1: Foul Ball, location: 2F
2-2: 2-RUN HOME RUN (Flyball, 89XD, EV 108.8 MPH), Distance : 406 ft
Pitching: RHP Jeff Taylor
Batting: RHB Bill Bathe 0-0: Called Strike
0-1: Ball
1-1: Fly out, F7 (Flyball, 7S, EV 88.8 MPH)
Batting: LHB Bob Skube 0-0: Called Strike
0-1: SOLO HOME RUN (Line Drive, 9LD, EV 100.6 MPH), Distance : 358 ft
Batting: RHB Pat Keedy 0-0: Foul Ball, location: 2F
0-1: Ground out 3-1 (Groundball, 34S, EV 89.4 MPH)
Batting: SHB George Zeber 0-0: Foul Ball, location: 2F
0-1: Fly out, F5 (Popup, 25, EV 88.1 MPH)
Bottom of the 8th over - 3 runs, 2 hits, 0 errors, 0 left on base; Louisville 8 - Buffalo 6
TOP OF THE 9TH
Louisville Stallions batting - Pitching for Buffalo Bisons : LHP Richard Graser
Batting: LHB Dave Haberle 0-0: Foul Ball, location: 2F
0-1: Foul Ball, location: 2F
0-2: Strikes out swinging
Batting: RHB Devin Pike 0-0: Fly out, F9 (Flyball, 9LM, EV 98.1 MPH)
Batting: LHB Steven Mobberley 0-0: Ball
1-0: Foul Ball, location: 2F
1-1: Swinging Strike
1-2: Ball
2-2: Ball
3-2: Ground out U3 (Groundball, 3, EV 83.8 MPH)
Top of the 9th over - 0 runs, 0 hits, 0 errors, 0 left on base; Louisville 8 - Buffalo 6
BOTTOM OF THE 9TH
Buffalo Bisons batting - Pitching for Louisville Stallions : RHP Jeff Taylor
Pitching: LHP Phil Nastu
Batting: RHB Juan Villa 0-0: Called Strike
0-1: Ball
1-1: Ball
2-1: Ball
3-1: Base on Balls
Batting: LHB Gene Krug 0-0: Grounds into double play, 4-6-3 (Groundball, 4, EV 81.3 MPH)
Batting: SHB George D Wright 0-0: Ground out 3-1 (Groundball, 34, EV 91.9 MPH)
Bottom of the 9th over - 0 runs, 0 hits, 0 errors, 0 left on base; Louisville 8 - Buffalo 6
Tuesday, July 21st, 2020 - OOTP Baseball 21.4 Build 63